 Dungeon Crawl Stone Soup version 0.18.1-48-g4cf74bf (webtiles) character file.

29964 Inchmeat the Spear-Bearer (level 13, 0/87 HPs)
             Began as a Demonspawn Wizard on Aug 22, 2016.
             Was an Elder of Okawaru.
             Killed from afar by a deep elf mage (22 damage)
             ... with a bolt of magma
             ... on level 1 of the Elven Halls.
             The game lasted 01:39:38 (21348 turns).

Inchmeat the Spear-Bearer (Demonspawn Wizard)      Turns: 21348, Time: 01:39:39

Health: 0/87       AC: 11    Str: 13    XL:     13   Next: 18%
Magic:  19/31      EV: 16    Int: 27    God:    Okawaru [****..]
Gold:   207        SH:  4    Dex: 17    Spells: 8 memorised, 1 level left

rFire  . . .     SeeInvis .     f - +6 spear (pierce)
rCold  + + .     Gourm    .     X - +0 robe "Coivvut" {rCorr Dex+3} (curse)
rNeg   . . .     Faith    .     l - -1 buckler of Marbles {rC+ MR+ Int+3}
rPois  +         Spirit   .     b - +1 hat
rElec  .         Dismiss  +     W - +1 cloak
rCorr  +         Reflect  .     a - +0 pair of gloves
SustAt .         Harm     .     B - +2 pair of boots
MR     +....                    p - amulet of Gaoc {Dismiss rPois Dex+2}
Stlth  ++........               C - ring of magical power
                                R - +3 ring of intelligence

@: invisible, somewhat resistant to hostile enchantments, unstealthy
A: horns 1, talons 1, rugged brown scales 2, cold resistance 1, frail 1,
icemail, spiny 1, strong 1, freezing cloud immunity
a: Heroism, Renounce Religion


You were on level 1 of the Elven Halls.
You worshipped Okawaru.
Okawaru was greatly pleased with you.
You were not hungry.

You visited 4 branches of the dungeon, and saw 17 of its levels.

You collected 1445 gold pieces.
You spent 1238 gold pieces at shops.

Inventory:

Hand Weapons
 f - a +6 spear of piercing (weapon)
 K - the +9 dagger of Temperance {freeze, +Fly MR- Stlth+}
   (You found it on level 7 of the Dungeon)

   It has been specially enchanted to freeze those struck by it, causing extra
   injury to most foes and up to half again as much damage against particularly
   susceptible opponents.
   It can also slow down cold-blooded creatures.
   It affects your resistance to hostile enchantments.
   It lets you fly.
   It makes you more stealthy.
Missiles
 t - 8 poisoned javelins (quivered)
Armour
 a - a +0 pair of gloves (worn)
 b - a +1 hat (worn)
 l - the -1 buckler of Marbles (worn) {rC+ MR+ Int+3}
   (Okawaru gifted it to you on level 1 of the Orcish Mines)

   It affects your intelligence (+3).
   It protects you from cold.
   It affects your resistance to hostile enchantments.
 B - a +2 pair of boots (worn)
 W - a +1 cloak (worn)
 X - the cursed +0 robe "Coivvut" (worn) {rCorr Dex+3}
   (You bought it in a shop on level 12 of the Dungeon)

   It affects your dexterity (+3).
   It protects you from acid and corrosion.
   It has a curse placed upon it.
Jewellery
 g - an uncursed ring of fire
 p - the amulet of Gaoc (around neck) {Dismiss rPois Dex+2}
   (You bought it in a shop on level 2 of the Orcish Mines)

   [amulet of dismissal]

   It may teleport away creatures that harm you.
   It affects your dexterity (+2).
   It protects you from poison.
 C - a ring of magical power (right hand)
 R - a +3 ring of intelligence (left hand)
Wands
 e - a wand of iceblast (7/15)
 m - a wand of disintegration (14/24)
 G - a wand of iceblast (14/15)
 P - a wand of paralysis (14/24)
 T - a wand of teleportation (5/9)
Scrolls
 h - 3 scrolls of remove curse
 k - 3 scrolls of teleportation
 q - a scroll of amnesia
 N - 2 scrolls of magic mapping
Potions
 j - a potion of lignification
 w - a potion of cancellation
 A - 4 potions of resistance
 H - a potion of brilliance
 S - 2 potions of flight
Books
 n - a book of Enchantments

   Spells                             Type                      Level
   a - Cause Fear                     Hexes                        4
   b - Yara's Violent Unravelling     Hexes/Transmutation          5
   c - Silence                        Hexes/Air                    5
   d - Deflect Missiles               Charms/Air                   6
   e - Haste                          Charms                       6
   f - Discord                        Hexes                        8
 M - Sif Muna's Collected Works on Malediction and Snow
   (You found it on level 8 of the Dungeon)

   Spells                             Type                      Level
   a - Freeze                         Ice                          1
   b - Dazzling Spray                 Conjuration/Hexes            3
   c - Summon Ice Beast               Ice/Summoning                4
   d - Darkness                       Hexes                        6
   e - Invisibility                   Hexes                        6
Miscellaneous
 Y - a plain deck of summoning
Comestibles
 d - 4 bread rations
 z - 3 meat rations
 D - a royal jelly


   Skills:
 * Level 5.5 Fighting
 - Level 0.3 Short Blades
 - Level 12.0 Polearms
 - Level 0.1 Throwing
 * Level 6.1 Dodging
 - Level 1.7 Stealth
 - Level 4.5 Shields
 - Level 6.5 Spellcasting
 - Level 9.4 Conjurations
 - Level 8.8 Hexes
   Level 1.0 Summonings
 - Level 0.8 Translocations
 - Level 0.1 Fire Magic
 - Level 1.0 Air Magic
 - Level 0.8 Poison Magic
 - Level 6.0 Invocations
 - Level 3.3 Evocations


You had one spell level left.
You knew the following spells:

 Your Spells              Type           Power        Failure   Level  Hunger
a - Magic Dart            Conj           ####         1%          1    None
b - Conjure Flame         Conj/Fire      ####....     2%          3    None
c - Blink                 Tloc           N/A          10%         2    None
d - Mephitic Cloud        Conj/Pois/Air  ####....     4%          3    None
e - Repel Missiles        Chrm/Air       ##....       10%         2    None
f - Slow                  Hex            ######..     1%          2    None
g - Invisibility          Hex            ######..     30%         6    ######.
h - Metabolic Englaciati  Hex/Ice        ####......   28%         5    #####..


Dungeon Overview and Level Annotations

Branches:
Dungeon (13/15)            Temple (1/1) D:6            Lair (0/8) D:10
    Orc (2/2) D:11            Elf (1/3) Orc:2
 Vaults: D:13-14

Altars:
Ashenzari
Cheibriados
Dithmenos
Elyvilon
Fedhas
Gozag
Kikubaaqudgha
Nemelex Xobeh
Okawaru
Pakellas
Qazlal
Ru
Sif Muna
Trog
Vehumet
Xom
Yredelemnul
Zin
The Shining One

Shops:
D:9 *   D:12 [   Orc:1 }   Orc:2 ([!=

Annotations:
D:3 DarkwingDuck's ghost, weakling DgFE
D:5 1 runed door


Innate Abilities, Weirdness & Mutations

You have a pair of small horns on your head.
You are mostly covered in rugged brown scales (AC +2, +5% HP).
Your flesh is cold resistant.
A meltable icy envelope protects you from harm (AC +0).
You are partially covered in sharp spines.
You are immune to freezing clouds.
You have sharp toenails.
You are frail (-10% HP).
Your muscles are strong. (Str +2)


Message History

Attack whom?
Press: ? - help, Dir - move target cursor, f/p - deep elf mage
Aim: a deep elf mage, wielding a rapier of holy wrath (severely wounded, confused)
You reach to attack!
You hit the deep elf mage.
The deep elf mage is almost dead.
You close the door.
The deep elf mage seems less confused.
A deep elf mage opens the door.
The deep elf knight points at you and mumbles some strange words.
The shard of ice hits you! You partially resist.
The deep elf mage points at you and mumbles some strange words.
The bolt of magma hits you!
Your icy envelope dissipates!
* * * LOW HITPOINT WARNING * * *
Drink which item? (? for menu, Esc to quit)
You fade into invisibility!
The deep elf knight shoots an arrow.
The arrow hits the deep elf mage!
The deep elf mage dies!
The deep elf mage gestures at you while chanting.
The bolt of magma hits you!
You die...

##...#############.....+...
##+..'# ##..>'####
##.#+##.# #...#.## ##Y## .#
##.###.## ##.## .# ##'.#
##.# #e## e#########.###
##. ...## # .#.....#.## ##
... #.##(.....(## # e..
#.e(@..(...# e..
#+++######## ... e.. ...


You could see a deep elf knight and a deep elf mage.

Vanquished Creatures
  A stone giant (Orc:1)
  Erolcha (D:9)
  A hydra (D:12)
  2 centaur warriors
  An ogre mage (D:13)
  Urug (D:10)
  4 hill giants
  2 orc knights (Orc:2)
  An orc sorcerer (Orc:1)
  11 deep elf magi
  2 cyclopes
  Maurice (D:10)
  Joseph (D:10)
  Psyche (D:9)
  A gargoyle (D:10)
  A kobold demonologist (D:12)
  5 trolls
  2 two-headed ogres
  A vampire (D:12)
  A shadow (D:11)
  9 yaks
  2 wyverns
  A basilisk (D:13)
  3 hungry ghosts
  4 hippogriffs
  A steam dragon (D:12)
  4 wargs
  3 water moccasins
  Duvessa (D:4)
  2 sky beasts (D:7)
  4 black bears
  32 orc warriors
  A phantom (D:11)
  6 ice beasts
  9 ogres
  16 centaurs
  A crocodile (D:13)
  A big kobold (D:13)
  3 giant frogs
  A wyvern zombie (D:10)
  Dowan (D:4)
  3 scorpions
  A water moccasin skeleton (D:7)
  7 killer bees
  7 wights
  4 crimson imps
  3 centaur zombies
  A giant frog zombie (D:6)
  A jelly (D:13)
  Crazy Yiuf (D:4)
  5 hounds
  12 orc priests
  15 orc wizards
  Jessica (D:3)
  A giant frog skeleton (D:10)
  Natasha (thrice) (D:4)
  2 iguanas
  11 worker ants
  A hound zombie (D:6)
  3 worker ant zombies
  11 adders
  2 howler monkey skeletons
  4 shadow imps
  2 oozes
  An adder skeleton (D:6)
  7 worms
  5 giant geckos
  68 orcs
  7 giant cockroaches
  13 goblins
  8 hobgoblins
  10 jackals
  17 kobolds
  5 quokkas
  A ball python (D:1)
  7 bats
  A giant gecko skeleton (D:5)
  A giant gecko zombie (D:6)
  5 giant newts
  7 rats
410 creatures vanquished.

Vanquished Creatures (collateral kills)
  2 killer bees (D:11)
2 creatures vanquished.

Vanquished Creatures (others)
  A deep elf mage (Elf:1)
1 creature vanquished.

Grand Total: 413 creatures vanquished

Notes
Turn   | Place    | Note
--------------------------------------------------------------
     0 | D:1      | Inchmeat the Demonspawn Wizard began the quest for the Orb.
     0 | D:1      | Reached XP level 1. HP: 13/13 MP: 4/4
   284 | D:1      | Gained mutation: You have a pair of small horns on your head. [demonic ancestry]
   284 | D:1      | Reached XP level 2. HP: 16/19 MP: 6/6
   424 | D:1      | Reached skill level 1 in Polearms
   480 | D:1      | Reached XP level 3. HP: 17/24 MP: 7/7
  1244 | D:2      | Reached XP level 4. HP: 29/30 MP: 9/9
  1266 | D:2      | Reached skill level 2 in Polearms
  1649 | D:3      | Found a deep blue altar of Sif Muna.
  1915 | D:3      | Noticed Jessica
  1995 | D:3      | Killed Jessica
  1995 | D:3      | Gained mutation: Your flesh is cold resistant. [demonic ancestry]
  1995 | D:3      | Reached XP level 5. HP: 35/35 MP: 7/10
  2386 | D:3      | Noticed DarkwingDuck's ghost (weakling DgFE)
  2933 | D:3      | Reached skill level 3 in Polearms
  3341 | D:4      | Noticed Duvessa
  3345 | D:4      | Noticed Dowan
  3370 | D:4      | Reached skill level 1 in Shields
  3381 | D:4      | Killed Duvessa
  3381 | D:4      | Gained mutation: You are immune to freezing clouds. [demonic ancestry]
  3381 | D:4      | Reached XP level 6. HP: 36/41 MP: 11/11
  3389 | D:4      | Killed Dowan
  3885 | D:4      | Noticed Natasha
  3892 | D:4      | Killed Natasha
  4035 | D:4      | Noticed Natasha
  4042 | D:4      | Killed Natasha
  4065 | D:4      | Noticed Natasha
  4070 | D:4      | Killed Natasha
  4070 | D:4      | Reached XP level 7. HP: 18/46 MP: 12/12
  4290 | D:4      | Found a snail-covered altar of Cheibriados.
  4487 | D:4      | Noticed Crazy Yiuf
  5270 | D:4      | Found a shadowy altar of Dithmenos.
  5508 | D:4      | Found an oddly glowing altar of Pakellas.
  5508 | D:4      | Noticed a hungry ghost
  5698 | D:4      | Killed Crazy Yiuf
  5893 | D:5      | Entered Level 5 of the Dungeon
  6050 | D:5      | Reached skill level 4 in Polearms
  6233 | D:5      | Noticed a human
  6234 | D:5      | Found a runed door.
  6241 | D:5      | Found a basalt altar of Yredelemnul.
  6272 | D:5      | Found a stormy altar of Qazlal.
  6272 | D:5      | Found a blossoming altar of Fedhas.
  6477 | D:5      | Found a bloodstained altar of Trog.
  6925 | D:6      | Reached skill level 5 in Polearms
  6947 | D:6      | Found a staircase to the Ecumenical Temple.
  6956 | Temple   | Entered the Ecumenical Temple
  7103 | Temple   | Became a worshipper of Warmaster Okawaru
  7487 | D:6      | Found a shimmering altar of Xom.
  7559 | D:7      | Reached skill level 6 in Polearms
  7559 | D:7      | Gained mutation: A meltable icy envelope protects you from harm (AC +0). [demonic ancestry]
  7559 | D:7      | Reached XP level 8. HP: 28/52 MP: 8/13
  7942 | D:6      | Reached * piety under Okawaru
  7990 | D:6      | Learned a level 3 spell: Conjure Flame
  8027 | D:5      | Reached skill level 5 in Conjurations
  8832 | D:6      | Learned a level 2 spell: Blink
  8836 | D:6      | Learned a level 3 spell: Mephitic Cloud
  8839 | D:6      | Learned a level 2 spell: Repel Missiles
  8842 | D:6      | Learned a level 2 spell: Slow
  9065 | D:7      | You fall through a shaft for 2 floors!
  9113 | D:8      | Found an opulent altar of Gozag.
  9178 | D:9      | Noticed Psyche
  9221 | D:9      | Killed Psyche
  9221 | D:9      | Reached ** piety under Okawaru
  9221 | D:9      | Reached skill level 5 in Spellcasting
  9221 | D:9      | Gained mutation: You are partially covered in sharp spines. [demonic ancestry]
  9221 | D:9      | Reached XP level 9. HP: 57/57 MP: 16/16
  9417 | D:9      | Noticed Erolcha
  9437 | D:9      | Paralysed by something for 5 turns
  9445 | D:9      | Killed Erolcha
  9568 | D:9      | Found Loaroent's Assorted Antiques.
  9585 | D:9      | Bought a scroll labeled TUHER FEJE for 24 gold pieces
  9585 | D:9      | Bought a scroll labeled FIMPAXZIQIP for 24 gold pieces
  9585 | D:9      | Bought a scroll labeled TUHER FEJE for 24 gold pieces
  9585 | D:9      | Bought a runed leather armour for 48 gold pieces
 10269 | D:7      | Reached *** piety under Okawaru
 10461 | D:7      | Got a fine dagger
 10462 | D:7      | Identified the +9 dagger of Temperance {freeze, +Fly MR- Stlth+} (You found it on level 7 of the Dungeon)
 10489 | D:8      | Reached skill level 1 in Air Magic
 10548 | D:8      | Found a sacrificial altar of Ru.
 10598 | D:8      | Identified Sif Muna's Collected Works on Malediction and Snow
 10623 | D:8      | Reached skill level 1 in Hexes
 10623 | D:8      | Reached XP level 10. HP: 63/63 MP: 19/19
 10837 | D:8      | You fall through a shaft for 3 floors!
 10870 | D:11     | Reached skill level 1 in Invocations
 10884 | D:10     | Entered Level 10 of the Dungeon
 10969 | D:10     | Noticed Joseph
 11019 | D:10     | Killed Joseph
 11019 | D:10     | Reached **** piety under Okawaru
 11019 | D:10     | Reached skill level 5 in Hexes
 11276 | D:10     | Learned a level 3 spell: Gell's Gravitas
 11278 | D:10     | Found a staircase to the Lair.
 11346 | D:10     | Noticed Urug
 11395 | D:10     | Killed Urug
 11881 | D:10     | Noticed Maurice
 11929 | D:10     | Killed Maurice
 12104 | D:10     | Noticed a gargoyle
 12338 | D:9      | Noticed a hill giant
 12366 | D:9      | Killed a hill giant
 12903 | D:10     | Killed a gargoyle
 13025 | D:10     | Noticed a hill giant
 13072 | D:10     | Killed a hill giant
 13072 | D:10     | Reached XP level 11. HP: 68/68 MP: 7/20
 13278 | D:10     | Reached ***** piety under Okawaru
 13424 | D:11     | Noticed a hill giant
 13493 | D:10     | Killed a hill giant
 13790 | D:11     | Reached skill level 7 in Polearms
 14132 | D:11     | Found a staircase to the Orcish Mines.
 14394 | D:12     | Reached skill level 8 in Polearms
 14480 | D:12     | Found Xoamubuf's Antique Armour Emporium.
 14485 | D:12     | Bought a crude leather armour for 203 gold pieces
 14495 | D:12     | Identified the +2 leather armour of the Kraken {-Cast MP-9 Int+10 Stlth+} (You bought it in a shop on level 12 of the Dungeon)
 14495 | D:12     | Bought a twisted robe for 165 gold pieces
 14505 | D:12     | Identified the cursed +0 robe "Coivvut" {rCorr Dex+3} (You bought it in a shop on level 12 of the Dungeon)
 14803 | D:13     | Noticed an ogre mage
 14804 | D:13     | Received a gift from Okawaru
 14823 | D:13     | Killed an ogre mage
 14827 | D:13     | Reached skill level 9 in Polearms
 14933 | D:13     | Noticed a centaur warrior
 14966 | D:12     | Noticed a deep elf mage
 15000 | D:12     | Killed a deep elf mage
 15077 | D:12     | Noticed a four-headed hydra
 15091 | D:12     | Killed a four-headed hydra
 15091 | D:12     | Reached skill level 10 in Polearms
 15091 | D:12     | Reached skill level 5 in Invocations
 15387 | D:12     | Noticed a hill giant
 15404 | D:12     | Killed a hill giant
 15404 | D:12     | Gained mutation: You are partially covered in rugged brown scales (AC +1, +3% HP). [demonic ancestry]
 15404 | D:12     | Reached XP level 12. HP: 49/76 MP: 21/21
 16005 | D:13     | Reached skill level 11 in Polearms
 16036 | D:13     | Killed a centaur warrior
 16182 | D:13     | Noticed an ogre mage
 16592 | Orc:1    | Entered Level 1 of the Orcish Mines
 16996 | Orc:2    | Entered Level 2 of the Orcish Mines
 16996 | Orc:2    | Noticed a stone giant
 17032 | Orc:1    | Killed a stone giant
 17032 | Orc:1    | Received a gift from Okawaru
 17033 | Orc:1    | Got a steaming buckler {god gift}
 17044 | Orc:1    | Identified the -1 buckler of Marbles {rC+ MR+ Int+3} (Okawaru gifted it to you on level 1 of the Orcish Mines)
 17113 | Orc:1    | Learned a level 6 spell: Invisibility
 17119 | Orc:1    | Learned a level 5 spell: Metabolic Englaciation
 17168 | Orc:1    | Reached skill level 12 in Polearms
 17356 | Orc:2    | Noticed a centaur warrior
 17383 | Orc:2    | Killed a centaur warrior
 17383 | Orc:2    | Reached skill level 1 in Fighting
 17383 | Orc:2    | Reached skill level 1 in Evocations
 17440 | Orc:2    | Gained mutation: Your muscles are strong. (Str +2) [potion of mutation]
 17440 | Orc:2    | Gained mutation: You have sharp toenails. [potion of mutation]
 17440 | Orc:2    | Gained mutation: You are frail (-10% HP). [potion of mutation]
 18693 | Orc:2    | Found a staircase to the Elven Halls.
 18777 | Orc:2    | Found Ostropp's Distillery.
 18777 | Orc:2    | Found Zoceedef's Antique Armour Shoppe.
 18779 | Orc:2    | Found Maufalur's Antique Weapon Emporium.
 18792 | Orc:2    | Found Zuonetama's Jewellery Shop.
 19346 | Orc:1    | Reached skill level 5 in Dodging
 19417 | Orc:1    | Found Daorchon's Gadget Emporium.
 19580 | Orc:2    | Bought the amulet of Gaoc {Dismiss rPois Dex+2} for 590 gold pieces
 19589 | Orc:2    | Bought a potion of invisibility for 80 gold pieces
 19589 | Orc:2    | Bought a potion of degeneration for 10 gold pieces
 19589 | Orc:2    | Bought a potion of curing for 30 gold pieces
 19589 | Orc:2    | Bought a potion of brilliance for 40 gold pieces
 19672 | Elf:1    | Entered Level 1 of the Elven Halls
 19866 | Orc:2    | Gained mutation: You are mostly covered in rugged brown scales (AC +2, +5% HP). [demonic ancestry]
 19866 | Orc:2    | Reached XP level 13. HP: 63/85 MP: 22/22
 20168 | Orc:2    | Reached skill level 5 in Fighting
 21348 | Elf:1    | Killed from afar by a deep elf mage

Skill      XL: |  1  2  3  4  5  6  7  8  9 10 11 12 13 |
---------------+----------------------------------------+-----
Dodging        | 2 5 6 |  6.1
Polearms       | 1 2 3 6 10 12 | 12.0
Conjurations   | 2 3 7 9 |  9.4
Shields        | 2 4 |  4.5
Spellcasting   | 5 6 |  6.5
Air Magic      | 1 |  1.0
Hexes          | 1 8 |  8.8
Invocations    | 3 5 6 |  6.0
Fighting       | 4 5 |  5.5
Evocations     | 3 |  3.3
Short Blades   | |  0.3
Throwing       | |  0.1
Stealth        | |  1.7
Summonings     | |  1.0
Translocations | |  0.8
Fire Magic     | |  0.1
Poison Magic   | |  0.8

Action                   |  1- 3 |  4- 6 |  7- 9 | 10-12 | 13-15 || total
-------------------------+-------+-------+-------+-------+-------++-------
Melee: Spear             |   105 |   121 |   389 |  1081 |   113 ||  1809
       Headbutt          |     5 |    12 |    41 |   172 |    21 ||   251
       Punch             |       |       |       |     4 |       ||     4
       Dagger            |       |       |       |    50 |       ||    50
Throw: Javelin           |       |     1 |     2 |     3 |       ||     6
 Cast: Magic Dart        |       |    32 |    48 |   129 |     9 ||   218
       Mephitic Cloud    |       |       |     3 |    51 |    13 ||    67
       Conjure Flame     |       |       |     3 |    15 |       ||    18
       Blink             |       |       |       |    22 |     2 ||    24
       Slow              |       |       |       |    12 |       ||    12
       Gell's Gravitas   |       |       |       |     3 |       ||     3
       Repel Missiles    |       |       |       |     8 |       ||     8
Invok: Heroism           |       |       |     1 |    25 |     1 ||    27
       Finesse           |       |       |       |     7 |       ||     7
Evoke: Wand              |       |       |       |     2 |       ||     2
  Use: Scroll            |     1 |     3 |     5 |    22 |       ||    31
       Potion            |       |     1 |     4 |     9 |     2 ||    16
 Stab: Sleeping          |     4 |     4 |     1 |     6 |       ||    15
       Distracted        |     1 |       |       |     2 |       ||     3
       Confused          |       |       |     2 |    50 |    15 ||    67
       Invisible         |       |       |       |     3 |       ||     3
  Eat: Chunk             |     1 |     8 |    13 |    25 |       ||    47
       Beef jerky        |       |       |     2 |       |       ||     2
       Fruit             |       |       |     1 |     2 |       ||     3
       Bread ration      |       |       |     1 |     1 |     1 ||     3
       Pizza             |       |       |     1 |       |       ||     1
       Meat ration       |       |       |       |     2 |       ||     2
Armor: Leather armour    |    10 |    14 |    31 |   122 |       ||   177
       Skin              |       |       |    68 |       |       ||    68
       Robe              |       |       |       |   145 |    42 ||   187
Dodge: Dodged            |    37 |    39 |   137 |   412 |    48 ||   673
       Deflected         |       |       |       |    32 |     2 ||    34
Block: Shield            |       |    26 |    72 |       |       ||    98
       Buckler           |       |       |       |    71 |     8 ||    79
